cohdb
Replays
Latest Replays
All Replays
Popular Replays
Top Player Replays
Match Explorer
How It Works
Community
CoH3 Stats
Reddit
Sign in to upload your games and track your stats! →
Sign in with Steam
Match 41319425
Unlisted
Match 41319425
Overview
Messages
Build Orders
End
Construct Section Command Post
Royal Engineer Section
Selects Canadian Shock Battlegroup
Dingo Light Scout Car
Infantry Section
Infantry Section
Selects Attacking Spirit
Selects Canadian Shock Section
Grenade Package
Canadian Shock Section
Construct Platoon Command Post
Vickers Machine Gun Team
ML 3-inch Mortar Team
Selects Incendiary Munitions
6-pounder Anti-tank Gun Team
Construct Company Command Post
Selects Pyrotechnics
Crusader II Medium Tank
Crusader II Medium Tank
coledj0408
S.W.A
K.R.A.KEN226
やめてくださいCumMonster
0
0
Comments
sign in to comment!
No comments posted yet!